Map: Dusk Towers

Players

blackxored

  • Race: Zerg Zerg
  • League: Diamond

TerranBEST - Winner!

  • Race: Terran Terran
  • League: Diamond

VOD

Have the link to the VOD?

Description

Time

  • Played on: June 19, 2016, 6:15 p.m.
  • Length: 8:46
Show
View Real Time Build Order
Export as new Build Order

blackxored Zerg 

Build Orders: Hatch First 

Get SALT Encoding   

  12  0:01  Drone  
  13  0:12  Drone  
  14  0:17  Overlord  
  14  0:27  Extractor, Drone  
  15  0:37  Drone  
  15  0:38  Drone  
  17  0:57  Drone  
  17  0:58  Hatchery  
  17  1:00  Drone  
  18  1:11  Extractor  
  18  1:16  Spawning Pool  
  18  1:17  Drone  
  17  1:21  Drone  
  18  1:28  Drone  
  19  1:40  Overlord  
  19  1:52  Drone  
  20  2:03  Queen  
  20  2:04  Zergling x2  
  23  2:12  Zergling x2  
  23  2:13  Zergling x2  
  23  2:14  Hatchery  
  24  2:21  Queen  
  26  2:27  Metabolic Boost  
  24  2:56  Zergling x2  
  24  2:57  Zergling x10  
  29  3:21  Queen  
  29  3:23  Queen  
  33  3:29  Baneling Nest  
  33  3:34  Overlord  
  32  3:35  Overlord  
  32  3:51  Queen  
  35  3:55  Drone  
  35  4:13  Zergling x10  
  35  4:14  Zergling x8  
  44  4:17  Baneling x5  
  44  4:34  Drone x4  
  44  4:35  Drone  
  49  4:46  Drone  
  49  4:52  Spore Crawler  
  49  4:53  Drone, Spore Crawler  
  49  5:13  Lair  
  49  5:14  Drone  
  49  5:15  Spore Crawler  
  49  5:17  Overlord  
  49  5:19  Overlord  
  49  5:40  Drone x8  
  57  5:45  Drone x2  
  59  5:56  Drone x2  
  62  5:57  Drone x2  
  63  6:06  Drone, Evolution Chamber  
  63  6:07  Extractor, Drone, Evolution Chamber  
  63  6:09  Drone  
  63  6:13  Overlord  
  63  6:19  Drone x3  
  63  6:25  Extractor  
  65  6:26  Extractor  
  65  6:28  Zergling x4  
  65  6:30  Baneling x5  
  65  6:32  Baneling  
  65  6:39  Extractor, Baneling  
  64  6:40  Baneling  
  64  6:41  Zergling x8  
  64  6:42  Zergling x2  
  64  6:43  Zergling x2  
  70  6:48  Centrifical Hooks  
  70  6:51  Zergling x2  
  70  6:52  Zergling x2  
  72  7:02  Baneling x2  
  72  7:03  Baneling x2  
  72  7:05  Zergling x4  
  59  7:17  Zergling x2  
  59  7:18  Zergling x16  
  61  7:26  Queen x2  
  55  7:30  Zergling x2  
  55  7:31  Zergling x4  
  40  7:37  Queen  
  40  7:39  Baneling  
  40  7:40  Baneling x2  
  40  8:02  Queen, Drone x3  
  45  8:11  Drone  
  45  8:12  Drone x2  
  48  8:16  Drone  
  48  8:19  Drone  
  50  8:24  Drone  
  51  8:28  Drone  
  51  8:31  Drone  
Show
View Real Time Build Order
Export as new Build Order

TerranBEST Terran - Winner!

Build Orders: MMM Bio 

Get SALT Encoding   

  12  0:00  SCV  
  13  0:13  SCV  
  14  0:18  Supply Depot  
  14  0:25  SCV  
  15  0:39  SCV  
  15  0:41  Barracks  
  16  0:44  Refinery  
  16  0:52  SCV  
  17  1:04  SCV  
  18  1:16  SCV  
  19  1:28  Command Center  
  19  1:32  SCV  
  20  1:35  Reaper  
  21  1:45  Orbital Command  
  21  1:58  Barracks  
  21  2:07  Barracks Reactor  
  21  2:12  Barracks  
  21  2:13  SCV  
  22  2:25  SCV  
  22  2:27  Supply Depot  
  23  2:40  SCV  
  24  2:47  Barracks Tech Lab  
  24  2:48  Marine x2  
  24  2:49  SCV  
  27  3:00  SCV  
  28  3:06  Barracks Reactor  
  28  3:09  Orbital Command  
  28  3:10  Marine x2  
  28  3:11  Marauder  
  28  3:12  SCV  
  33  3:24  SCV  
  33  3:25  Refinery, Stimpack  
  34  3:29  Engineering Bay  
  34  3:30  Marine  
  34  3:31  Marine  
  36  3:36  Marauder, SCV  
  36  3:38  SCV  
  40  3:44  Supply Depot  
  40  3:48  Supply Depot, SCV  
  40  3:51  SCV  
  40  3:52  Marine x2  
  40  3:54  Marine  
  45  3:56  Marine  
  46  4:03  Terran Infantry Weapons Level 1  
  46  4:06  SCV x2  
  46  4:09  Marauder  
  50  4:17  Supply Depot  
  50  4:18  SCV  
  50  4:19  Supply Depot  
  50  4:20  Marine x3  
  50  4:22  Marine  
  55  4:27  SCV  
  55  4:30  Marine, SCV  
  58  4:34  Factory  
  58  4:39  SCV  
  58  4:40  Marine x3  
  58  4:42  Marine, SCV  
  64  4:51  SCV  
  65  4:54  Supply Depot, SCV  
  65  4:55  Marauder  
  65  4:57  Supply Depot  
  68  5:02  Marine x2  
  68  5:03  Marine  
  68  5:04  Marine, SCV  
  68  5:06  SCV  
  74  5:16  SCV  
  74  5:17  Factory Reactor  
  74  5:19  SCV  
  76  5:21  Starport, Marine x2  
  76  5:22  Marine x2  
  76  5:24  Marauder  
  76  5:28  SCV, Combat Shields  
  83  5:31  SCV  
  83  5:33  Refinery  
  84  5:40  SCV  
  84  5:42  Supply Depot  
  85  5:43  Supply Depot, SCV  
  85  5:44  Marine x2  
  85  5:45  Marine x2  
  90  5:52  SCV  
  93  5:58  Terran Infantry Armor Level 1  
  93  6:00  SCV  
  93  6:02  Factory Reactor  
  94  6:05  Medivac  
  94  6:08  Marine x4, SCV  
  94  6:11  Medivac  
  101  6:12  Marauder, SCV  
  104  6:21  SCV  
  104  6:23  Barracks  
  105  6:28  Barracks  
  105  6:30  Marine x4  
  105  6:31  SCV  
  110  6:38  Command Center, Missile Turret  
  110  6:46  Missile Turret  
  110  7:10  Medivac  
  110  7:11  Medivac  
  75  7:39  Marine x4, Marauder  
  75  7:40  Medivac, Widow Mine x2  
  75  7:41  Medivac  
  75  7:42  Barracks Reactor, Barracks Tech Lab  
  83  7:52  Planetary Fortress  
  83  7:54  SCV x2  
  83  7:56  Marine  
  83  7:58  Marine x3  
  86  8:00  Marauder  
  86  8:01  Concussive Shells  
  86  8:02  Marauder  
  93  8:06  SCV x2  
  93  8:08  Widow Mine x2  
  99  8:16  Marine x3  
  99  8:17  Marine  
  99  8:18  SCV x2  
  105  8:22  Marauder  
  105  8:24  Marauder  
  105  8:26  Refinery  
  109  8:27  Marine  
  109  8:30  SCV x2  
Tags
 
Composition
MMM Bio
Matchup
TvZ
Add a new tag
Caveats
  • Supply blocks, unpowered buildings, or Contaminate may cause inaccurate times.
  • Supply counts are checked every 10 seconds.